 Dungeon Crawl Stone Soup version 0.29.1-12-g30fa7ad0bf (webtiles) character file.

Game seed: 3342768574851640873

886 Sanktem7 the Trooper (level 7, 0/67 HPs)
             Began as a Minotaur Fighter on Jan 4, 2023.
             Was an Initiate of Trog.
             Slain by a gnoll
             ... wielding a +4 spear
              (7 damage)
             ... on level 5 of the Dungeon.
             The game lasted 00:08:52 (5066 turns).

Sanktem7 the Trooper (Minotaur Fighter)             Turns: 5066, Time: 00:08:53

Health: 0/67       AC: 11    Str: 23    XL:     7   Next: 77%
Magic:  6/6        EV:  9    Int:  5    God:    Trog [......]
Gold:   298        SH:  6    Dex:  9    Spells: 6/6 levels left

rFire   . . .      SeeInvis .   a - +0 flail {mace}
rCold   . . .      Faith    .   e - +2 buckler
rNeg    . . .      Spirit   .   b - +0 scale mail
rPois   .          Reflect  .   (helmet restricted)
rElec   .          Harm     .   (no cloak)
rCorr   .          Rampage  .   (no gloves)
Will    .....                   (no boots)
Stlth   ..........              (no amulet)
HPRegen 0.21/turn               x - +4 ring of protection
MPRegen 0.10/turn               (no ring)

@: no status effects
A: horns 2, retaliatory headbutt
a: Renounce Religion


You were on level 5 of the Dungeon.
You worshipped Trog.
Trog was noncommittal.
You visited 1 branch of the dungeon, and saw 5 of its levels.
You also visited: Sewer.

You collected 298 gold pieces.


Innate Abilities, Weirdness & Mutations

You have a pair of horns on your head.
You reflexively headbutt those who attack you in melee.


   Skills:
 * Level 7.6 Fighting
 * Level 7.1 Maces & Flails
 + Level 5.9 Armour
 - Level 3.6 Shields


You had 6 spell levels left.
You didn't know any spells.
Your spell library contained the following spells:

 Spells                   Type           Power      Damage    Failure   Level
 Sublimation of Blood     Necr           0%         N/A       94%         2
 Petrify                  Tmut/Erth      0%         N/A       100%        4
 Irradiate                Conj/Tmut      0%         3d11      100%        5

Inventory:

Hand Weapons
 a - a +0 flail (weapon) {mace}
 c - a +2 short sword of holy wrath {short}
   (You took it off a kobold on level 3 of the Dungeon)
 m - a +1 battleaxe of flaming {axe}
   (You found it on level 2 of the Dungeon)
Missiles
 g - 20 poisoned darts (quivered) {throwing}
 i - 32 stones {throwing}
 s - a curare-tipped dart {=fthrowing}
Armour
 b - a +0 scale mail (worn)
 e - a +2 buckler (worn)
   (You found it on level 1 of the Dungeon)
Magical Staves
 r - a staff of earth {!astaff}
   (You found it on level 3 of the Dungeon)
 y - a staff of cold {!astaff}
   (You found it on level 4 of the Dungeon)
Jewellery
 x - a +4 ring of protection (left hand)
   (You found it on level 4 of the Dungeon)
Scrolls
 f - a scroll of noise {unknown}
 j - 2 scrolls of teleportation {@r4}
 k - a scroll of silence {!r}
 l - a scroll of enchant armour
 o - 2 scrolls of blinking {!r}
 v - a scroll of enchant weapon {unknown}
 w - a scroll of poison {unknown}
 A - a scroll of identify {@r1}
Potions
 d - 2 potions of might
 h - a potion of lignification {unknown}
 n - a potion of brilliance {unknown}
 p - a potion of resistance {unknown}
 q - 3 potions of curing {@q1}
 t - 3 potions of flight
 u - 2 potions of heal wounds {@q2}
 z - a potion of cancellation {unknown}

Dungeon Overview and Level Annotations

Branches:
Dungeon (5/15) Zot: 25275   Sewer (visited)
 Temple: D:4-7

Altars:
Kikubaaqudgha
Nemelex Xobeh
Trog

#.#.#.#........... #
#.....#.#########.
##'#######'###.###...###.
#.....)...............#..
#.....................#..
#......)..............#..
###..##gg.##########.##.#
#.. #...####.##.##.##.#
.... #.@.........#......
.... #...........#......
#### ###'####.##.##..###
##..###.##.#######
....#....#........
....'....#........
....#....#........
....#....#........ ##
##.###+##..##'


You could see 2 gnolls.


Message History

There is an open door here.
There is an open door here.
Found a stone staircase leading down.
No target in view!
You open the door.
There is an open door here.
You open the door.
There is an open door here.
You open the door.
Found a sparkling altar of Nemelex Xobeh.
There is an open door here.
There is a sparkling altar of Nemelex Xobeh here.
You open the door.
A gnoll comes into view. It is wielding a +0 spear.
The gnoll shouts!
You hear a shout!
There is an open door here. 2 gnolls come into view.
The gnoll shouts! x2
A gnoll comes into view. It is wielding a +0 halberd.
There are monsters nearby!
The gnoll hits you with a +0 spear. 😕 HP[-6]
You take 6 damage, and now have 60/66 hp.
You hit the gnoll. You headbutt the gnoll!
You kill the gnoll!
Trog accepts your kill. You block the gnoll's attack.
The gnoll hits you from afar with a +0 halberd! 😮 HP[-11]
You take 11 damage, and now have 49/66 hp.
You are too injured to fight recklessly!
You are too injured to fight recklessly!
You are too injured to fight recklessly!
You are too injured to fight recklessly!
You are too injured to fight recklessly!
You are too injured to fight recklessly!
You are too injured to fight recklessly!
You are too injured to fight recklessly!
You are too injured to fight recklessly!
You are too injured to fight recklessly!
You are too injured to fight recklessly!
You are too injured to fight recklessly!
You are too injured to fight recklessly!
You are too injured to fight recklessly!
You are too injured to fight recklessly!
You are too injured to fight recklessly!
You are too injured to fight recklessly!
You are too injured to fight recklessly!
You are too injured to fight recklessly!
You are too injured to fight recklessly!
You are too injured to fight recklessly!
You are too injured to fight recklessly!
You are too injured to fight recklessly!
You are too injured to fight recklessly!
Unknown command.
The gnoll hits you with a +4 spear. The gnoll misses you.
You see here a +0 spear {polearm}. 😮 HP[-5]
You take 5 damage, and now have 44/66 hp.
The gnoll hits you from afar with a +4 spear. 😮 HP[-5]
You take 5 damage, and now have 39/66 hp.
You sock the gnoll!
You headbutt the gnoll, but do no damage.
The gnoll closely misses you. The gnoll hits you but does no damage.
The gnoll hits you from afar with a +0 halberd.
* * * LOW HITPOINT WARNING * * *
😨 HP[-6]
You take 6 damage, and now have 33/66 hp.
You hit the gnoll but do no damage. The gnoll hits you but does no damage.
You block the gnoll's attack. The gnoll hits you but does no damage.
You hit the gnoll. You block the gnoll's attack. The gnoll closely misses you.
The gnoll hits you from afar with a +0 halberd!
* * * LOW HITPOINT WARNING * * *
😨 HP[-9]
You take 9 damage, and now have 24/66 hp.
You barely miss the gnoll.
The gnoll hits you from afar with a +4 spear!
* * * LOW HITPOINT WARNING * * *
The gnoll barely misses you. You furiously retaliate!
You headbutt the gnoll!
You kill the gnoll!
Trog accepts your kill.
The gnoll hits you from afar with a +0 halberd.
* * * LOW HITPOINT WARNING * * *
😱 HP[-13]
You now have 67 max hp (+1).
You take 13 damage, and now have 11/67 hp.
The gnoll hits you from afar with a +4 spear.
* * * LOW HITPOINT WARNING * * *
The gnoll misses you.
Things that are here:
a +0 halberd {polearm}; a gnoll corpse; 😱 HP[-2]
You take 2 damage, and now have 9/67 hp.
The gnoll hits you from afar with a +4 spear.
* * * LOW HITPOINT WARNING * * *
😱 HP[-3]
You take 3 damage, and now have 6/67 hp. 😱 HP[+1]
The gnoll hits you from afar with a +4 spear!
You die...

Skill      XL: |  1  2  3  4  5  6  7 |
---------------+----------------------+-----
Fighting       | 4 5 6 7 |  7.6
Maces & Flails | 3 4 5 6 7 |  7.1
Armour         | 4 5 |  5.9
Shields        | |  3.6

Action                   |  1- 3 |  4- 6 |  7- 9 || total
-------------------------+-------+-------+-------++-------
Melee: Flail             |    86 |   120 |    72 ||   278
       Headbutt          |    12 |    14 |    17 ||    43
  Use: Scroll            |       |       |     4 ||     4
Armor: Scale mail        |    32 |    47 |    45 ||   124
Dodge: Dodged            |    55 |    56 |    47 ||   158
Block: Buckler           |    17 |    30 |    28 ||    75

Levels and vault maps discovered:
D:1:      matt_arrival_diagonals, layout_basic, ebering_ecumenical_altar_mist
D:2:      layout_loops_ring
D:3:      layout_loops_ring, gup_sewer_entry_spiral
D:4:      layout_layer_cave, kiku_gazebo_garden_becter, uniq_robin,
          uniq_natasha, uniq_menkaure
D:5:      layout_gridville, kennysheep_little_box, trog_book,
          uniq_blork_the_orc, uniq_eustachio, uniq_grinder

Notes
Turn   | Place    | Note
-------+----------+-------------------------------------------
     0 | D:1      | Sanktem7 the Minotaur Fighter began the quest for the Orb.
     0 | D:1      | Reached XP level 1. HP: 19/19 MP: 0/0
     0 | D:1      | magus.rc [v1.9.6]
    52 | D:1      | Found a faded altar of an unknown god.
    60 | D:1      | Reached XP level 2. HP: 27/27 MP: 1/1
    68 | D:1      | Reached skill level 4 in Fighting
    72 | D:1      | Reached skill level 3 in Maces & Flails
   398 | D:1      | Reached XP level 3. HP: 33/33 MP: 2/2
   471 | D:1      | Reached skill level 4 in Armour
   697 | D:2      | You pick up a book of Alchemy and begin reading...
   697 | D:2      | You add the spells Sublimation of Blood, Petrify and
                  | Irradiate to your library.
   968 | D:2      | Reached XP level 4. HP: 29/41 MP: 3/3
  1078 | D:2      | Reached skill level 4 in Maces & Flails
  1250 | D:2      | Reached skill level 5 in Fighting
  1394 | D:2      | Reached XP level 5. HP: 31/48 MP: 4/4
  1950 | D:3      | Found a glowing drain.
  1954 | Sewer    | Entered a sewer
  2063 | Sewer    | Reached skill level 5 in Maces & Flails
  2066 | Sewer    | HP: 10/50 [kobold brigand/+0 short sword (4)]
  2069 | Sewer    | Reached skill level 6 in Fighting
  2069 | Sewer    | Reached XP level 6. HP: 6/57 MP: 5/5
  2353 | Sewer    | Found a white marble altar of Elyvilon.
  2949 | D:4      | Reached skill level 5 in Armour
  2988 | D:4      | Noticed Natasha
  2988 | D:4      | Noticed Menkaure
  2994 | D:4      | Killed Natasha
  3011 | D:4      | Killed Menkaure
  3012 | D:4      | Reached skill level 6 in Maces & Flails
  3129 | D:4      | Reached XP level 7. HP: 54/64 MP: 6/6
  3329 | D:4      | Noticed Natasha
  3329 | D:4      | Noticed Robin
  3335 | D:4      | Killed Natasha
  3352 | D:4      | Killed Robin
  3357 | D:4      | Noticed Natasha
  3362 | D:4      | Killed Natasha
  3611 | D:4      | Found an ancient bone altar of Kikubaaqudgha.
  3910 | D:4      | Reached skill level 7 in Fighting
  4654 | D:5      | Entered Level 5 of the Dungeon
  4820 | D:5      | Found a bloodstained altar of Trog.
  4843 | D:5      | Reached skill level 7 in Maces & Flails
  4858 | D:5      | Became a worshipper of Trog the Wrathful
  5042 | D:5      | Found a sparkling altar of Nemelex Xobeh.
  5061 | D:5      | HP: 16/66 [gnoll/+4 spear (9)]
  5063 | D:5      | HP: 6/67 [gnoll/+4 spear (3)]
  5066 | D:5      | Slain by a gnoll

Vanquished Creatures
  Menkaure (D:4)
  An ogre (D:4)
  2 kobold brigands (Sewer)
  A necrophage (D:5)
  A scorpion (D:5)
  A hound (D:4)
  Natasha (thrice) (D:4)
  Robin (D:4)
  9 gnolls
  A river rat (Sewer)
  11 adders
  4 dart slugs
  5 worms
  7 orcs
  6 bats
  5 endoplasms
  6 giant cockroaches
  11 goblins
  11 hobgoblins
  A jackal (Sewer)
  11 kobolds
  5 quokkas
  5 ball pythons (D:1)
  2 frilled lizards
  8 rats
119 creatures vanquished.

Vanquished Creatures (others)
  3 withered plants (D:4)
3 creatures vanquished.

Grand Total: 122 creatures vanquished

Table legend:
 A = Non-vault XP
 B = Vault XP
 C = Vault XP percentage of total XP
 D = Non-vault monster count
 E = Vault monster count
 F = Vault count percentage of total count
                 A         B        C        D         E       F
            +---------+---------+-------+---------+---------+-------
      Total |     788 |     479 |  37.8 |      89 |      30 |  25.2
            +---------+---------+-------+---------+---------+-------
        D:1 |      50 |       0 |   0.0 |      26 |       0 |   0.0
        D:2 |     160 |       0 |   0.0 |      28 |       0 |   0.0
        D:3 |      30 |      27 |  47.4 |       9 |       5 |  35.7
        D:4 |     329 |     229 |  41.0 |      16 |      14 |  46.7
        D:5 |     219 |       0 |   0.0 |      10 |       0 |   0.0
      Sewer |       0 |     223 | 100.0 |       0 |      11 | 100.0
            +---------+---------+-------+---------+---------+-------

Illustrated notes

Table legend:
 A = Kills in this place as a percentage of kills in entire the game.
 B = Kills by you in this place as a percentage of kills by you in the entire game.
 C = Kills by friends in this place as a percentage of kills by friends in the entire game.
 D = Other kills in this place as a percentage of other kills in the entire game.
 E = Experience gained in this place as a percentage of experience gained in the entire game.
 F = Experience gained in this place divided by the number of levels of this place that you have seen.
                   A       B       C       D       E      F
               +-------+-------+-------+-------+-------+----------------------
         Total | 100.0 | 100.0 |   N/A |   N/A | 100.0 | 211.2
       Dungeon |  90.8 |  90.8 |   N/A |   N/A |  82.4 | 208.8
         Sewer |   9.2 |   9.2 |   N/A |   N/A |  17.6 | 223.0
               +-------+-------+-------+-------+-------+----------------------

Table legend: (Time is in decaauts)
 A = Elapsed time spent in this place.
 B = Non-inter-level travel time spent in this place.
 C = Inter-level travel time spent in this place.
 D = Time resting spent in this place.
 E = Time spent auto-exploring this place.
 F = Levels seen in this place.
 G = Mean time per level.
                   A        B        C        D        E       F      G
               +--------+--------+--------+--------+--------+-----+--------+
         Total |   5190 |   5001 |    189 |      0 |   3960 |   6 |  865.0 |
       Dungeon |   4723 |   4534 |    189 |      0 |   3672 |   5 |  944.6 |
         Sewer |    467 |    467 |      0 |      0 |    287 |   1 |  467.0 |
               +--------+--------+--------+--------+--------+-----+--------+

Top non-repeatable levels by time:
     D:4: 1833 daAuts
     D:2: 1028 daAuts
     D:3: 804 daAuts
     D:1: 644 daAuts
   Sewer: 467 daAuts
     D:5: 413 daAuts
